 Dungeon Crawl Stone Soup version 0.20.1-1-g8b1a95d (webtiles) character file.

47180 Ijustatesigmund the Protected (level 14, -10/125 HPs)
             Began as a Hill Orc Fighter on Sept 21, 2017.
             Was a High Priest of Ashenzari.
             Mangled by an ettin
             ... wielding a +0 dire flail
              (15 damage)
             ... on level 1 of the Orcish Mines.
             The game lasted 01:15:21 (21014 turns).

Ijustatesigmund the Protected (Hill Orc Fighter)   Turns: 21014, Time: 01:15:22

Health: -10/125    AC: 23    Str: 14    XL:     14   Next: 40%
Magic:  20/20      EV: 16    Int:  8    God:    Ashenzari [*****.]
Gold:   267        SH: 14    Dex: 21    Spells: 13/13 levels left

rFire    + + +     SeeInvis +   a - +2 broad axe
rCold    . . .     Gourm    .   B - +2 shield {rF+} (curse)
rNeg     . . .     Faith    .   K - +5 scale mail "Xoapenu" {rF++ Str-4 Dex+5}
rPois    .         Spirit   .   h - +2 helmet (curse)
rElec    .         Reflect  .   s - +0 cloak
rCorr    .         Harm     .   i - +2 pair of gloves (curse)
MR       +....     Clarity  +   (no boots)
Stlth    ..........             (no amulet)
Regen    0.3/turn               (no ring)
MPRegen  0.2/turn               m - +2 ring of slaying (curse)

@: no status effects
A: agile 1, weak 1
a: Curse Item, Scrying, Transfer Knowledge, Renounce Religion


You were on level 1 of the Orcish Mines.
You worshipped Ashenzari.
Ashenzari was extremely pleased with you.
You were not hungry.

You visited 5 branches of the dungeon, and saw 19 of its levels.
You also visited: Labyrinth.

You collected 1589 gold pieces.
You spent 1322 gold pieces at shops.

Inventory:

Hand Weapons
 a - a +2 broad axe (weapon)
Armour
 b - +0 acid dragon scales
 h - a cursed +2 helmet (worn)
 i - a cursed +2 pair of gloves (worn)
 l - the +15 Maxwell's patent armour {-Cast -Tele rElec MR+ rCorr}
   (You found it in a labyrinth)

   It insulates you from electricity.
   It affects your resistance to hostile enchantments.
   It prevents spellcasting.
   It prevents most forms of teleportation.
   It protects you from acid and corrosion.
 s - a +0 cloak (worn)
 y - a +0 troll leather armour
 B - a cursed +2 shield of fire resistance (worn)
 K - the +5 scale mail "Xoapenu" (worn) {rF++ Str-4 Dex+5}
   (You bought it in a shop on level 12 of the Dungeon)

   It affects your strength (-4).
   It affects your dexterity (+5).
   It greatly protects you from fire.
Jewellery
 k - an uncursed amulet of faith
 m - a cursed +2 ring of slaying (right hand)
 t - an uncursed ring of ice
 x - an uncursed ring of stealth
 R - an uncursed ring of protection from fire
Wands
 w - a wand of acid (10/15)
 A - a wand of iceblast (5/15)
 L - a wand of paralysis (11/24)
 M - a wand of iceblast (6/15)
 O - a wand of acid (9/15)
 P - a wand of confusion (27/48)
 S - a wand of digging (8/24)
Scrolls
 e - 6 scrolls of remove curse
 q - 2 scrolls of teleportation
 u - 2 scrolls of identify
 C - 3 scrolls of fog
 F - 2 scrolls of fear
 I - a scroll of enchant armour
Potions
 j - 2 potions of flight
 n - 3 potions of agility
 o - 2 potions of lignification
 z - a potion of brilliance
 E - 2 potions of resistance
 G - a potion of curing
 H - a potion of might
 J - 3 potions of heal wounds
Books
 d - the Disquisition on Lucky Black Arts
   (You found it in a labyrinth)

   Spells                             Type                      Level
   a - Infusion                       Charms                       1
   b - Shroud of Golubria             Charms/Translocation         2
   c - Song of Slaying                Charms                       2
   d - Corpse Rot                     Necromancy                   2
   e - Regeneration                   Charms/Necromancy            3
   f - Animate Dead                   Necromancy                   4
 v - a book of Changes

   Spells                             Type                      Level
   a - Beastly Appendage              Transmutation                1
   b - Sticks to Snakes               Transmutation                2
   c - Spider Form                    Transmutation/Poison         3
   d - Ice Form                       Ice/Transmutation            4
   e - Blade Hands                    Transmutation                5
 D - a book of Battle

   Spells                             Type                      Level
   a - Infusion                       Charms                       1
   b - Shroud of Golubria             Charms/Translocation         2
   c - Song of Slaying                Charms                       2
   d - Spectral Weapon                Hexes/Charms                 3
   e - Regeneration                   Charms/Necromancy            3
 N - a book of Callings

   Spells                             Type                      Level
   a - Summon Small Mammal            Summoning                    1
   b - Call Imp                       Summoning                    2
   c - Call Canine Familiar           Summoning                    3
   d - Summon Guardian Golem          Hexes/Summoning              3
   e - Summon Lightning Spire         Summoning/Air                4
   f - Summon Ice Beast               Ice/Summoning                4
Miscellaneous
 Q - a phantom mirror
Comestibles
 f - 11 bread rations
 g - 9 meat rations
 p - 4 royal jellies
 T - 3 fruits


   Skills:
 - Level 11.7 Fighting
 - Level 13.1 Axes
 + Level 13.4 Armour
 + Level 10.6 Dodging
 - Level 8.0(10.6) Shields
 - Level 9.0 Evocations


You had 13 spell levels left.
You didn't know any spells.

Dungeon Overview and Level Annotations

Branches:
Dungeon (14/15)            Temple (1/1) D:7            Lair (1/6) D:9
    Orc (2/2) D:10            Elf (1/3) Orc:2        Vaults (0/5) D:13

Altars:
Ashenzari
Cheibriados
Dithmenos
Elyvilon
Fedhas
Gozag
Hepliaklqana
Kikubaaqudgha
Makhleb
Nemelex Xobeh
Okawaru
Qazlal
Ru
Sif Muna
Trog
Uskayaw
Vehumet
Xom
Yredelemnul
Zin
The Shining One

Shops:
D:5 =   D:8 [   D:12 *[[[!   D:13 ?   Orc:2 %:**(

Portals:
Trove: D:13 (give +3 storm dragon scales)

Annotations:
D:13 Maurice
Lair:1 Sonja


Innate Abilities, Weirdness & Mutations

You are agile. (Dex +2)
You are weak. (Str -2)


Message History

The ettin is severely wounded.
The ettin hits you with a dire flail! The ettin barely misses you.
You hit the ettin.
The ettin is severely wounded.
You slash the ettin! The ettin hits you with a dire flail!!
You block the ettin's attack. The ettin barely misses you.
The ettin hits you with a dire flail!!
* * * LOW HITPOINT WARNING * * *
You are too injured to fight recklessly!
You are too injured to fight recklessly!
You are too injured to fight recklessly!
You slash the ettin!
The ettin is almost dead.
You hit the ettin but do no damage. The ettin hits you with a dire flail!!
* * * LOW HITPOINT WARNING * * *
The ettin completely misses you.
You slash the ettin!
You kill the ettin!
You hit the ettin. The ettin hits you with a dire flail!
You die...

#....##....####
###..##...#.# #.#..#..####
###......# ####.....###
#.#..##....## ##
##.[)..##....## #.
#[[C[.###.....# #.
####<@)..####....#####
##...##(...#...###..##.
##....####..#..{{#...###
#.....## ##...###{C.C..#
####..#..#####...###.....#
#....###....##..##...##...
##...# #.....#.#.#....#...
##....###......###....####.
#.#..###....#### #....##.#.


You could see an ettin.

Vanquished Creatures
  A stone giant (Orc:1)
  An ettin (Orc:1)
  A minotaur (Lab)
  Josephine (D:10)
  A centaur warrior (D:13)
  2 vault guards (D:13)
  2 ogre magi (Orc:2)
  14 two-headed ogres
  5 skeletal warriors
  2 deep trolls (Orc:1)
  2 orc knights
  An orc sorcerer (Orc:2)
  2 ugly things
  2 manticores (D:13)
  3 cyclopes
  A spiny frog (Lair:1)
  A gargoyle (D:10)
  The ghost of YrmMerkstave the Slasher, a novice HuFi (D:4)
  5 kobold demonologists
  15 trolls
  A hornet (D:12)
  A wind drake (shapeshifter) (D:13)
  3 hippogriffs
  Sigmund (D:2)
  6 wraiths
  22 yaks
  3 hungry ghosts
  Eustachio (D:5)
  A basilisk (shapeshifter) (D:13)
  An acid dragon (D:8)
  2 wargs
  3 water moccasins
  Duvessa (D:7)
  5 sky beasts
  An eye of draining (D:12)
  2 porcupines (D:9)
  4 black bears
  3 ice beasts
  26 orc warriors
  24 ogres
  A necrophage (D:8)
  6 wolves (Lair:1)
  4 centaurs
  3 crocodiles
  4 big kobolds
  11 bullfrogs
  A gnoll sergeant (D:5)
  Dowan (D:7)
  6 scorpions
  11 killer bees
  3 howler monkeys
  3 vampire bats (D:8)
  3 centaur zombies
  5 crimson imps
  2 quasits (D:12)
  2 jellies
  A bullfrog skeleton (D:13)
  6 hounds
  21 orc priests
  4 iguanas
  Jessica (D:2)
  25 orc wizards
  7 worker ants
  2 hound zombies
  3 hound skeletons
  2 worker ant zombies
  12 gnolls
  8 adders
  3 shadow imps
  An ooze (D:7)
  4 worms
  A dart slug (D:1)
  7 leopard geckos
  110 orcs
  7 bats
  2 bat skeletons (D:8)
  3 bat zombies (D:8)
  4 giant cockroaches
  10 goblins
  10 hobgoblins
  13 jackals
  6 quokkas
  A ball python (D:3)
  9 frilled lizards
  A giant cockroach zombie (D:5)
  22 kobolds
  A leopard gecko skeleton (D:6)
  A leopard gecko zombie (D:7)
  6 rats
  2 fungi (D:9)
556 creatures vanquished.

Vanquished Creatures (others)
  12 fungi
  2 plants (D:9)
14 creatures vanquished.

Grand Total: 570 creatures vanquished

Notes
Turn   | Place    | Note
-------+----------+-------------------------------------------
     0 | D:1      | Ijustatesigmund the Hill Orc Fighter began the quest for the Orb.
     0 | D:1      | Reached XP level 1. HP: 19/19 MP: 1/1
   100 | D:1      | Reached XP level 2. HP: 27/27 MP: 2/2
   348 | D:1      | You fall through a shaft!
   356 | D:2      | Reached XP level 3. HP: 22/34 MP: 3/3
   584 | D:2      | Noticed Sigmund
  1115 | D:1      | Reached XP level 4. HP: 21/41 MP: 4/4
  1444 | D:2      | Noticed Jessica
  1468 | D:2      | Killed Jessica
  1468 | D:2      | Reached skill level 5 in Fighting
  1468 | D:2      | Reached skill level 5 in Axes
  1527 | D:3      | Reached XP level 5. HP: 21/48 MP: 5/5
  2099 | D:3      | Found a blossoming altar of Fedhas.
  2411 | D:3      | Reached XP level 6. HP: 54/56 MP: 6/6
  2676 | D:2      | Found a sparkling altar of Nemelex Xobeh.
  3243 | D:2      | Killed Sigmund
  3541 | D:4      | Reached XP level 7. HP: 49/64 MP: 7/7
  3757 | D:4      | Noticed YrmMerkstave's ghost (novice HuFi)
  3767 | D:4      | Killed YrmMerkstave's ghost
  4150 | D:5      | Entered Level 5 of the Dungeon
  4448 | D:5      | Reached XP level 8. HP: 49/73 MP: 8/8
  4676 | D:5      | Found Ipruissot's Jewellery Boutique.
  4679 | D:5      | Noticed Eustachio
  4684 | D:5      | Reached skill level 1 in Dodging
  4942 | D:4      | Gained mutation: Potions are less effective at restoring your health. [mutagenic meat]
  4943 | D:4      | Gained mutation: Your magical capacity is low. (-10% MP) [mutagenic meat]
  4944 | D:4      | Gained mutation: You are somewhat resistant to further mutation. [mutagenic meat]
  4945 | D:4      | Gained mutation: You expend magic power (3 MP) to strengthen your wands. [mutagenic meat]
  4946 | D:4      | Gained mutation: Scrolls take you a little longer to read. [mutagenic meat]
  4947 | D:4      | Gained mutation: You are resistant to electric shocks. (rElec) [mutagenic meat]
  4963 | D:5      | Killed Eustachio
  5038 | D:5      | Bought a +2 ring of slaying for 294 gold pieces
  5073 | D:5      | Found an opulent altar of Gozag.
  5074 | D:5      | Lost mutation: You expend magic power (3 MP) to strengthen your wands. [potion of mutation]
  5074 | D:5      | Lost mutation: Your magical capacity is low. (-10% MP) [potion of mutation]
  5074 | D:5      | Gained mutation: You are robust. (+10% HP) [potion of mutation]
  5074 | D:5      | Gained mutation: You are partially covered in iridescent scales. (AC +2) [potion of mutation]
  5139 | D:5      | Found a snail-covered altar of Cheibriados.
  5604 | D:6      | Found a stormy altar of Qazlal.
  5661 | D:6      | Reached skill level 10 in Axes
  6471 | D:6      | Reached XP level 9. HP: 90/90 MP: 9/9
  6659 | D:6      | Gained mutation: You are weak. (Str -2) [mutagenic meat]
  6913 | D:7      | Found a staircase to the Ecumenical Temple.
  6926 | D:7      | Gained mutation: You have sharp toenails. [mutagenic meat]
  6979 | Temple   | Entered the Ecumenical Temple
  7063 | Temple   | Became a worshipper of Ashenzari the Shackled
  7254 | D:7      | Found a glowing golden altar of the Shining One.
  7292 | D:7      | Found a basalt altar of Yredelemnul.
  7294 | D:7      | Found a shimmering altar of Xom.
  7294 | D:7      | Found a blossoming altar of Fedhas.
  7296 | D:7      | Found a stormy altar of Qazlal.
  7296 | D:7      | Found a white marble altar of Elyvilon.
  7296 | D:7      | Found a shimmering altar of Xom.
  7678 | D:7      | Noticed Duvessa
  7679 | D:7      | Noticed Dowan
  7688 | D:7      | Killed Duvessa
  7696 | D:7      | Killed Dowan
  7726 | D:7      | Reached skill level 10 in Fighting
  8147 | D:9      | Reached XP level 10. HP: 100/103 MP: 10/10
  8185 | D:8      | Reached * piety under Ashenzari
  8462 | D:8      | Found Roug's Antique Armour Emporium.
  8506 | D:8      | Found an ancient bone altar of Kikubaaqudgha.
  8629 | D:8      | Found a basalt altar of Yredelemnul.
  8779 | D:9      | Noticed a two-headed ogre
  8787 | D:9      | Killed a two-headed ogre
  8787 | D:9      | Reached skill level 5 in Armour
  8827 | D:9      | Reached skill level 5 in Shields
  8879 | D:9      | Found a staircase to the Lair.
  9148 | D:9      | Reached XP level 11. HP: 65/114 MP: 11/11
  9451 | D:9      | Noticed a two-headed ogre
  9464 | D:9      | Killed a two-headed ogre
  9864 | D:10     | Entered Level 10 of the Dungeon
  9893 | D:10     | Noticed a two-headed ogre
  9899 | D:10     | Killed a two-headed ogre
  9899 | D:10     | Reached skill level 1 in Evocations
  9920 | D:10     | Reached skill level 5 in Dodging
 10325 | D:10     | Found a staircase to the Orcish Mines.
 10387 | D:10     | Reached ** piety under Ashenzari
 10998 | D:11     | Noticed a brown ugly thing
 11016 | D:11     | Killed a brown ugly thing
 11598 | D:11     | Noticed a sixfirhy
 11679 | D:12     | Found Neclyppuy's General Store.
 11765 | D:12     | Reached XP level 12. HP: 122/122 MP: 13/15
 11783 | D:12     | Noticed a two-headed ogre
 11893 | D:12     | Found Asiydd's Antique Armour Shop.
 11904 | D:12     | Found Ahuam's Distillery.
 11906 | D:12     | Reached *** piety under Ashenzari
 11908 | D:12     | Bought a brightly glowing scale mail for 315 gold pieces
 11918 | D:12     | Identified the +5 scale mail "Xoapenu" {rF++ Str-4 Dex+5} (You bought it in a shop on level 12 of the Dungeon)
 11941 | D:12     | Bought a potion of heal wounds for 80 gold pieces
 12061 | D:12     | Found Biczanie's Antique Armour Shoppe.
 12138 | D:12     | Killed a two-headed ogre
 12240 | D:12     | Found Xodop's Armour Boutique.
 12598 | Orc:1    | Entered Level 1 of the Orcish Mines
 12609 | Orc:1    | Noticed Josephine
 12628 | D:10     | Killed Josephine
 12628 | D:10     | Reached skill level 5 in Evocations
 13213 | Orc:2    | Entered Level 2 of the Orcish Mines
 13213 | Orc:2    | Found Fiem's Assorted Antiques.
 13213 | Orc:2    | Noticed an ogre mage
 13213 | Orc:2    | Noticed a two-headed ogre
 13213 | Orc:2    | Noticed a two-headed ogre
 13308 | Orc:1    | Noticed a stone giant
 13329 | Orc:1    | Killed a stone giant
 13783 | Orc:2    | Reached **** piety under Ashenzari
 13845 | Orc:2    | Found a staircase to the Elven Halls.
 13863 | Elf:1    | Entered Level 1 of the Elven Halls
 13905 | Orc:2    | Reached skill level 10 in Armour
 14589 | Orc:2    | Noticed a two-headed ogre
 14600 | Orc:2    | Killed a two-headed ogre
 14625 | Orc:2    | Noticed a two-headed ogre
 14639 | Orc:2    | Killed a two-headed ogre
 14639 | Orc:2    | Reached XP level 13. HP: 109/128 MP: 18/18
 15112 | Orc:2    | Found Alyatz's Assorted Antiques.
 15205 | Orc:2    | Found Komy's Weapon Shop.
 15581 | Orc:2    | Found Waihia Lopo's Book Emporium.
 15586 | Orc:2    | Bought a scroll labeled NEIBUE DIUDEM for 31 gold pieces
 15586 | Orc:2    | Bought a scroll labeled VUFAMOI OKOTUR for 31 gold pieces
 16364 | Orc:2    | Noticed an ogre mage
 16376 | Orc:2    | Paralysed by an ogre mage for 5 turns
 16382 | Orc:2    | Killed an ogre mage
 16435 | Orc:2    | Bought a smoky silvery potion for 33 gold pieces
 16791 | Orc:2    | Found Puco's Food Boutique.
 17068 | Orc:1    | Noticed an ettin
 17068 | Orc:1    | Noticed an ettin
 18668 | D:13     | Reached XP level 14. HP: 137/137 MP: 20/20
 18757 | D:13     | Reached skill level 10 in Dodging
 18771 | D:13     | Found a gate to the Vaults.
 18817 | D:13     | Found Yngua's Magic Scroll Boutique.
 18831 | D:13     | Bought a scroll of remove curse for 42 gold pieces
 18831 | D:13     | Bought a scroll of identify for 28 gold pieces
 18831 | D:13     | Bought a scroll of remove curse for 42 gold pieces
 18831 | D:13     | Bought a scroll of remove curse for 42 gold pieces
 18877 | D:13     | Noticed Maurice
 19231 | D:13     | Found a portal to a secret trove of treasure.
 19335 | D:12     | Bought a potion of mutation for 128 gold pieces
 19335 | D:12     | Bought a potion of mutation for 128 gold pieces
 19335 | D:12     | Bought a potion of mutation for 128 gold pieces
 19336 | D:12     | Lost mutation: You are weak. (Str -2) [potion of mutation]
 19336 | D:12     | Lost mutation: Scrolls take you a little longer to read. [potion of mutation]
 19336 | D:12     | Lost mutation: You have sharp toenails. [potion of mutation]
 19336 | D:12     | Lost mutation: You are robust. (+10% HP) [potion of mutation]
 19336 | D:12     | Gained mutation: Your movements are slightly less encumbered by armour. (ER -2) [potion of mutation]
 19337 | D:12     | Lost mutation: You are somewhat resistant to further mutation. [potion of mutation]
 19337 | D:12     | Lost mutation: Your movements are slightly less encumbered by armour. (ER -2) [potion of mutation]
 19337 | D:12     | Lost mutation: You are resistant to electric shocks. (rElec) [potion of mutation]
 19337 | D:12     | Lost mutation: You are partially covered in iridescent scales. (AC +2) [potion of mutation]
 19337 | D:12     | Gained mutation: You are partially covered in slimy green scales. (AC +2) [potion of mutation]
 19338 | D:12     | Lost mutation: Potions are less effective at restoring your health. [potion of mutation]
 19338 | D:12     | Lost mutation: You are partially covered in slimy green scales. (AC +2) [potion of mutation]
 19338 | D:12     | Gained mutation: You are weak. (Str -2) [potion of mutation]
 19338 | D:12     | Gained mutation: You are agile. (Dex +2) [potion of mutation]
 19554 | Lair:1   | Entered Level 1 of the Lair of Beasts
 19554 | Lair:1   | Noticed Sonja
 19560 | Lair:1   | Found a labyrinth entrance.
 19581 | Lab      | Entered a labyrinth
 19715 | Lab      | Reached ***** piety under Ashenzari
 20434 | Lab      | Identified the Disquisition on Lucky Black Arts
 21013 | Orc:1    | HP: 5/125 [ettin/dire flail (23)]
 21014 | Orc:1    | Mangled by an ettin

Skill      XL: |  1  2  3  4  5  6  7  8  9 10 11 12 13 14 |
---------------+-------------------------------------------+-----
Axes           | 3 4 5 6 8 9 10 12 13 | 13.1
Fighting       | 4 5 6 7 8 10 11 | 11.7
Dodging        | 1 3 6 7 9 10 | 10.6
Armour         | 4 6 8 10 12 13 | 13.4
Shields        | 4 6 8 |  8.0
Evocations     | 4 7 9 |  9.0

Action                   |  1- 3 |  4- 6 |  7- 9 | 10-12 | 13-15 || total
-------------------------+-------+-------+-------+-------+-------++-------
Melee: War axe           |   114 |   175 |   159 |       |       ||   448
       Hand axe          |       |       |   165 |   504 |       ||   669
       Kick              |       |       |    34 |   204 |   178 ||   416
       Broad axe         |       |       |       |   157 |   601 ||   758
Invok: Curse Item        |       |       |     3 |       |     4 ||     7
Evoke: Wand              |       |       |       |     3 |    19 ||    22
  Use: Scroll            |     1 |     8 |     5 |    12 |     9 ||    35
       Potion            |       |     2 |     2 |     2 |     7 ||    13
  Eat: Royal jelly       |       |     1 |     1 |       |     3 ||     5
       Chunk             |       |     3 |    23 |    13 |     6 ||    45
       Bread ration      |       |     1 |       |       |       ||     1
       Fruit             |       |       |     3 |    14 |    12 ||    29
Armor: Scale mail        |    42 |    73 |   132 |    64 |   163 ||   474
       Acid dragon scale |       |       |     4 |   112 |       ||   116
Dodge: Dodged            |    36 |    41 |    90 |   215 |   309 ||   691
Block: Shield            |    70 |    79 |   166 |   401 |   472 ||  1188
